 Dungeon Crawl Stone Soup version 0.30.0-30-g96aa6591b8 (webtiles) character file.

Game seed: 9744070676851685413

394878 cdecastro the Shatterer (level 23, -6/221 HPs)
             Began as a Hill Orc Fighter on June 29, 2023.
             Was the Champion of Dithmenos.
             Mangled by a deep troll earth mage (7 damage)
             ... on level 5 of the Vaults on June 30, 2023.
             The game lasted 03:48:06 (68600 turns).

cdecastro the Shatterer (Hill Orc Fighter)         Turns: 68600, Time: 03:48:07

Health: -6/221     AC: 31    Str: 28    XL:     23   Next: 18%
Magic:  31/32      EV: 18    Int: 12    God:    Dithmenos [******]
Gold:   73         SH: 20    Dex: 12    Spells: 22/22 levels left

rFire   + . .        b - +1 broad axe (heavy)
rCold   + . .        x - +2 kite shield of Gravity {rElec rCorr Int+4}
rNeg    + + .        E - +4 pearl dragon scales "Yggatt" {rC+ rN+}
rPois   .            l - +1 helmet {SInv}
rElec   +            D - scarf {+Inv}
rCorr   +            m - +0 pair of gloves
SInv    +            K - +2 pair of boots {Fly}
Will    +++..        N - amulet of the Crown {Reflect Will+ SH+5} Stlth
                     B - ring "Koirph" {rF+ rN+ Will+}
HPRegen 0.56/turn    L - +5 ring of evasion
MPRegen 0.23/turn

%: reflection
@: flying, wreathed by umbra, studying Invocations
A: no striking features
}: 2/15 runes: decaying, serpentine
a: Renounce Religion, Evoke Invisibility, Shadow Step, Shadow Form


You were on level 5 of the Vaults.
You worshipped Dithmenos.
Dithmenos was exalted by your worship.
You visited 9 branches of the dungeon, and saw 40 of its levels.
You also visited: Ice Cave and Desolation.

You collected 4765 gold pieces.
You spent 4692 gold pieces at shops.

Inventory:

Hand Weapons
 a - a +9 demon whip of electrocution
 b - a +1 heavy broad axe (weapon)
Missiles
 c - 2 atropa-tipped darts (quivered)
 h - 4 curare-tipped darts
 q - 4 silver javelins
Armour
 l - a +1 helmet of see invisible (worn)
 m - a +0 pair of gloves (worn)
 x - the +2 kite shield of Gravity (worn) {rElec rCorr Int+4}
   (You took it off Asterion on level 1 of the Snake Pit)

   Int:       It affects your intelligence (+4).
   rElec:     It insulates you from electricity.
   rCorr:     It protects you from acid and corrosion.
 D - a scarf of invisibility (worn)
 E - the +4 pearl dragon scales "Yggatt" (worn) {rC+ rN+}
   (You found it in the Desolation of Salt)

   rC:        It protects you from cold.
   rN:        It protects you from negative energy.
 K - a +2 pair of boots of flying (worn)
Jewellery
 n - a ring of willpower
 t - the ring "Zics" {Wiz rPois Str+5}
   (You took it off an imperial myrmidon in the Desolation of Salt)

   [ring of wizardry]

   It improves your spell success rate.
   Str:       It affects your strength (+5).
   rPois:     It protects you from poison.
 B - the ring "Koirph" (left hand) {rF+ rN+ Will+}
   (You bought it in a shop on level 4 of the Vaults)

   [ring of positive energy]

   rF:        It protects you from fire.
   rN:        It protects you from negative energy.
   Will:      It increases your willpower.
 C - a ring of protection from fire
 L - a +5 ring of evasion (right hand)
 N - the amulet of the Crown (around neck) {Reflect Will+ SH+5}
   (You took it off a deep elf pyromancer on level 9 of the Dungeon)

   [amulet of reflection]

   It reflects blocked missile attacks.
   SH:        It affects your SH (+5).
   Will:      It increases your willpower.
 V - a ring of willpower
Wands
 z - a wand of mindburst (43)
 A - a wand of digging (9)
 F - a wand of paralysis (19)
 G - a wand of polymorph (37)
 I - a wand of flame (74)
 Q - a wand of light (10)
 S - a wand of iceblast (42)
Scrolls
 e - 6 scrolls of magic mapping
 f - a scroll of butterflies
 i - 16 scrolls of teleportation
 r - a scroll of silence
 u - 7 scrolls of immolation
 w - 5 scrolls of poison
 y - 3 scrolls of fog
 T - 3 scrolls of fear
 U - 3 scrolls of torment
 W - 4 scrolls of blinking
 X - 3 scrolls of vulnerability
Potions
 d - 8 potions of might
 j - 21 potions of curing
 k - 13 potions of heal wounds
 o - 3 potions of flight
 p - 7 potions of lignification
 v - 4 potions of attraction
 H - 4 potions of invisibility
 J - 5 potions of resistance
 P - 3 potions of haste
 R - 2 potions of cancellation
 Z - 3 potions of berserk rage
Miscellaneous
 g - a phial of floods
 s - a box of beasts
 M - a phantom mirror
 O - a lightning rod (4/4)
 Y - a tin of tremorstones (2/2)


   Skills:
 - Level 21.4 Fighting
 - Level 5.0(20.1) Axes
 + Level 25.1(25.2) Maces & Flails
 * Level 18.7 Armour
 - Level 8.4 Dodging
 - Level 16.0 Shields
 - Level 12.0 Invocations
 - Level 14.0 Evocations


You had 22 spell levels left.
You didn't know any spells.
Your spell library contained the following spells:

 Spells                   Type           Power      Damage    Failure   Level
 Apportation              Tloc           0%         N/A       63%         1
 Beastly Appendage        Tmut           0%         N/A       63%         1
 Necrotise                Necr           0%         1d4       63%         1
 Slow                     Hex            0%         N/A       63%         1
 Sting                    Tmut/Pois      0%         1d3       63%         1
 Blink                    Tloc           0%         N/A       77%         2
 Cigotuvi's Dreadful Rot  Necr/Pois/Air  0%         N/A       77%         2
 Ensorcelled Hibernation  Hex/Ice        0%         N/A       77%         2
 Lesser Beckoning         Tloc           0%         N/A       77%         2
 Passwall                 Tmut/Erth      0%         N/A       77%         2
 Poisonous Vapours        Pois/Air       0%         N/A       77%         2
 Confusing Touch          Hex            0%         N/A       94%         3
 Frozen Ramparts          Ice            0%         1d1       94%         3
 Gell's Gravitas          Tloc           0%         N/A       94%         3
 Ignite Poison            Fire/Tmut/Pois 0%         N/A       94%         3
 Mephitic Cloud           Conj/Pois/Air  0%         N/A       94%         3
 Ozocubu's Armour         Ice            0%         N/A       94%         3
 Spider Form              Tmut/Pois      0%         N/A       94%         3
 Summon Guardian Golem    Hex/Summ       0%         N/A       94%         3
 Swiftness                Air            0%         N/A       94%         3
 Teleport Other           Tloc           0%         N/A       94%         3
 Vampiric Draining        Necr           0%         2d6       94%         3
 Vhi's Electric Charge    Tloc/Air       0%         N/A       94%         3
 Anguish                  Hex/Necr       0%         N/A       100%        4
 Animate Armour           Summ/Erth      0%         N/A       100%        4
 Animate Dead             Necr           0%         N/A       100%        4
 Cause Fear               Hex            0%         N/A       100%        4
 Dispel Undead            Necr           0%         3d6       100%        4
 Ice Form                 Ice/Tmut       0%         N/A       100%        4
 Iskenderun's Mystic Bla  Conj/Tloc      0%         2d3       100%        4
 Manifold Assault         Tloc           0%         N/A       100%        4
 Passage of Golubria      Tloc           0%         N/A       100%        4
 Petrify                  Tmut/Erth      0%         N/A       100%        4
 Summon Ice Beast         Ice/Summ       0%         N/A       100%        4
 Agony                    Necr           0%         N/A       100%        5
 Alistair's Intoxication  Tmut/Pois      0%         N/A       100%        5
 Arcjolt                  Conj/Air       0%         1d10      100%        5
 Blade Hands              Tmut           0%         N/A       100%        5
 Borgnjor's Vile Clutch   Necr/Erth      0%         N/A       100%        5
 Freezing Cloud           Conj/Ice/Air   0%         6-21      100%        5
 Metabolic Englaciation   Hex/Ice        0%         N/A       100%        5
 Silence                  Hex/Air        0%         N/A       100%        5
 Summon Forest            Summ/Tloc      0%         N/A       100%        5
 Summon Mana Viper        Hex/Summ       0%         N/A       100%        5
 Yara's Violent Unravell  Hex/Tmut       0%         3d3       100%        5
 Death Channel            Necr           0%         N/A       100%        6
 Dispersal                Tloc           0%         N/A       100%        6
 Eringya's Noxious Bog    Tmut/Pois      0%         N/A       100%        6
 Iron Shot                Conj/Erth      0%         9d1       100%        6
 Plasma Beam              Fire/Air       0%         2x1d11    100%        6
 Simulacrum               Ice/Necr       0%         N/A       100%        6
 Statue Form              Tmut/Erth      0%         N/A       100%        6
 Summon Cactus Giant      Summ           0%         N/A       100%        6
 Enfeeble                 Hex            0%         N/A       100%        7
 Orb of Destruction       Conj           0%         9d5       100%        7
 Spellforged Servitor     Conj/Summ      0%         N/A       100%        7
 Storm Form               Tmut/Air       0%         N/A       100%        7
 Lehudib's Crystal Spear  Conj/Erth      0%         10d2      100%        8
 Necromutation            Tmut/Necr      0%         N/A       100%        8


Dungeon Overview and Level Annotations

Branches:
Dungeon (15/15)            Temple (1/1) D:7            Lair (5/5) D:10
  Swamp (4/4) Lair:2        Snake (4/4) Lair:2        Slime (0/5) Lair:5
    Orc (2/2) D:12            Elf (2/3) Orc:2        Vaults (5/5) D:13
  Crypt (0/3) Vaults:3     Depths (2/4) D:15          IceCv (visited)
Desolation (visited)

Altars:
Ashenzari
Cheibriados
Dithmenos
Elyvilon
Fedhas
Gozag
Hepliaklqana
Kikubaaqudgha
Makhleb
Nemelex Xobeh
Okawaru
Qazlal
Ru
Sif Muna
Trog
Uskayaw
Vehumet
Wu Jian
Xom
Yredelemnul
Zin
The Shining One
Beogh

Shops:
D:4 [   Orc:1 (((!   Orc:2 :[*(   Elf:2 [   Snake:1 ![   Vaults:3 [
Vaults:4 ?(=!(

Portals:
Hell: Depths:1
Ziggurat: Depths:1

Annotations:
Snake:4 1 runed translucent door, math4jedi's ghost, journeyman MiBe
Depths:1 exclusion: shining eye


Message History

The titan gestures wildly while chanting.
The titan is healed somewhat.
Unknown command.
Unknown command.
Unknown command.
You barely miss the ironbound frostheart.
You slice the titan!!
You closely miss the deep troll earth mage.
Your shadow barely misses the ironbound frostheart.
Your shadow hits the titan but does no damage.
Your shadow barely misses the deep troll earth mage.
You block the ironbound frostheart's attack.
You block the deep troll earth mage's attack.
The deep troll earth mage closely misses you.
You block the deep troll earth mage's attack.
The titan hits you!!!
* * * LOW HITPOINT WARNING * * *
You emit a cloud of dark smoke.
Unknown command.
Unknown command.
You slice the ironbound frostheart!!
The ironbound frostheart is heavily wounded.
You barely miss the titan.
You hit the deep troll earth mage but do no damage.
You block the ironbound frostheart's attack.
The deep troll earth mage barely misses you.
The deep troll earth mage misses you. The deep troll earth mage claws you.
* * * LOW HITPOINT WARNING * * *
The titan points at you and mumbles some strange words.
The bolt of lightning hits you! You resist.
* * * LOW HITPOINT WARNING * * *
The ironbound frostheart closely misses you.
The titan casts a spell at you. The bolt of lightning hits you. You resist.
* * * LOW HITPOINT WARNING * * *
The deep troll earth mage bites you!!
* * * LOW HITPOINT WARNING * * *
The deep troll earth mage closely misses you.
The deep troll earth mage claws you!
You die...

)...##.......#
(#.##..####..# #[ ..
#.....# # #..##..#..#
#..##...#..#
#.##....#..#
..#.#..#..#..#
........§§#§.#
........)@C§.#
################pT§.#
(........pC.....c...#
.........O..........#
#####################


You could see a titan (strong), a yaktaur captain (strong), an ironbound
frostheart and a deep troll earth mage (strong).

Vanquished Creatures
  A golden dragon (IceCv)
  A tentacled monstrosity (Swamp:3)
  Asterion (Snake:1)
  A titan (Vaults:4)
  A deep elf blademaster (Elf:2)
  Frances (Snake:1)
  2 thorn hunters
  2 sphinxes
  A fenstrider witch (Swamp:1)
  An azure jelly (Snake:1)
  2 frost giants (Vaults:5)
  A storm dragon (Vaults:4)
  2 deep elf sorcerers
  A balrug (Depths:1)
  12 vault wardens
  2 fire giants
  2 nagarajas
  2 imperial myrmidons (Desolation)
  Aizul (Snake:1)
  A ghoul (Vaults:3)
  4 orc warlords
  A quicksilver ooze (shapeshifter) (Vaults:5)
  16 ironbound preservers
  2 war gargoyles
  9 very ugly things
  8 ironbound thunderhulks
  3 stone giants
  A deep elf annihilator (Vaults:5)
  5 eleionomae
  3 spark wasps (Depths:1)
  5 dire elephants (Vaults:2)
  3 bunyips
  5 crystal guardians
  2 jiangshi (Vaults:3)
  8 ettins
  2 fire dragons (Depths:1)
  A quicksilver dragon zombie (Vaults:4)
  6 yaktaur captains
  A shambling mangrove (Swamp:4)
  9 ragged hierophants (Desolation)
  2 rakshasas (Depths:1)
  A deep elf high priest (Elf:1)
  Fannar (Lair:1)
  4 servants of whispers (Desolation)
  3 great orbs of eyes
  5 ice dragons (IceCv)
  An ogre mage (Vaults:5)
  27 hydras
  33 vault guards
  Erolcha (D:11)
  30 centaur warriors
  6 salamander tyrants
  A ghost crab (Swamp:4)
  9 peacekeepers
  A hell beast (Depths:1)
  3 two-headed ogres
  2 spriggan air magi
  A catoblepas (Lair:3)
  12 anacondas
  8 boulder beetles
  22 dancing weapons
  15 ironbound frosthearts
  A death knight (D:13)
  A deep troll shaman (Depths:1)
  5 hell hogs (Depths:1)
  2 deep troll earth magi
  6 tengu warriors
  11 naga warriors
  4 alligators
  A death yak (Lair:2)
  A shock serpent (shapeshifter) (Vaults:1)
  A spriggan berserker (Swamp:4)
  2 hell knights (Depths:1)
  An orc high priest (Elf:1)
  13 deep elf knights
  7 naga sharpshooters
  12 shock serpents
  2 soul eaters (Depths:1)
  A sun demon (Depths:1)
  14 skeletal warriors
  6 goliath frogs
  11 salamander mystics
  2 iron trolls (Depths:1)
  2 glowing orange brains
  9 swamp dragons
  42 deep trolls
  7 bog bodies
  3 spriggan druids
  9 sea snakes
  2 orange crystal statues
  16 ironbound convokers
  2 naga ritualists
  4 deep elf archers (Elf:1)
  2 phantasmal warriors
  8 wizards
  9 orc knights
  A shadow dragon zombie (Vaults:4)
  6 necromancers
  Pikel (D:5)
  4 harpies (Vaults:2)
  14 deep elf zephyrmancers
  A tengu skeleton (Vaults:3)
  16 lindwurms
  25 deep elf pyromancers
  8 manticores
  An orc sorcerer (Orc:1)
  3 wolf spiders
  29 ugly things
  A faun (shapeshifter) (Elf:1)
  17 mana vipers
  A will-o-the-wisp (Swamp:3)
  An oklob plant (Lair:4)
  14 cyclopes
  17 salamanders
  8 centaur zombies (D:12)
  An ice statue (Lair:2)
  2 guardian serpents (shapeshifter)
  39 black mambas
  5 elephants (Lair:5)
  Maurice (D:8)
  12 naga magi
  A gargoyle (D:12)
  12 vault sentinels
  6 storm dragon simulacra (IceCv)
  A human skeleton (Vaults:3)
  A torpor snail (Lair:2)
  14 cane toads
  9 guardian serpents
  2 smoke demons (Depths:1)
  3 unseen horrors (D:13)
  A cane toad (shapeshifter) (D:13)
  9 rime drakes
  Psyche (D:12)
  12 komodo dragons
  23 yaktaurs
  4 freezing wraiths
  3 golden dragon simulacra (IceCv)
  A polar bear (shapeshifter) (D:13)
  11 tyrant leeches
  4 trolls
  An elf skeleton (Vaults:3)
  11 hornets
  7 polar bears
  Grinder (D:4)
  24 blink frogs
  An iron dragon simulacrum (Vaults:2)
  5 large abominations (Elf:2)
  6 dream sheep (Lair:4)
  48 saltlings (Desolation)
  A slime creature (shapeshifter) (Vaults:3)
  A centaur simulacrum (D:13)
  4 meliai zombies (D:12)
  A stone giant simulacrum (Vaults:3)
  7 small abominations (Elf:2)
  21 slime creatures
  An elf zombie (Vaults:3)
  Sigmund (D:2)
  3 ettin skeletons
  A vampire (D:12)
  A spriggan (shapeshifter) (D:13)
  Eustachio (D:6)
  5 spriggans
  2 water elementals (Elf:2)
  28 wyverns
  3 wraiths
  65 yaks
  3 vampire mosquitoes
  13 basilisks
  A steam dragon (D:9)
  4 redbacks (Lair:5)
  28 nagas
  4 wargs
  An acid dragon (shapeshifter) (Vaults:5)
  2 acid dragons
  16 swamp worms
  28 water moccasins
  A hell hound (D:15)
  9 swamp drakes
  4 ice dragon simulacra (IceCv)
  A meliai simulacrum (D:15)
  22 orc warriors
  2 black bears
  9 ice beasts
  8 ogres
  11 wolves
  4 boggarts (Vaults:4)
  3 centaurs
  A phantom (D:5)
  A kobold brigand (D:10)
  Blork the orc (D:4)
  11 bullfrogs
  A gnoll sergeant (D:9)
  2 scorpions (D:5)
  3 wights (D:9)
  8 lindwurm simulacra (IceCv)
  17 killer bees
  10 electric eels
  3 howler monkeys
  A hound (D:5)
  Crazy Yiuf (D:4)
  19 orc priests
  12 jellies
  2 iguanas
  16 orc wizards
  12 hell rats
  12 gnolls
  11 river rats
  7 adders
  A shadow imp (D:7)
  3 white imps
  2 worms (D:6)
  2 dart slugs
  46 orcs
  4 endoplasms
  5 giant cockroaches
  7 goblins
  7 hobgoblins
  3 jackals (D:5)
  12 quokkas
  5 ball pythons
  3 bats (D:2)
  2 frilled lizards
  13 kobolds
  17 rats
1592 creatures vanquished.

Vanquished Creatures (others)
  A fire giant (Vaults:2)
  A deep elf pyromancer (D:14)
  2 bloated husks
  A naga (Snake:2)
  6 spectral weapons
11 creatures vanquished.

Grand Total: 1603 creatures vanquished

Notes
Turn   | Place    | Note
-------+----------+-------------------------------------------
     0 | D:1      | cdecastro the Hill Orc Fighter began the quest for the Orb.
     0 | D:1      | Reached XP level 1. HP: 19/19 MP: 1/1
    69 | D:1      | Found a faded altar of an unknown god.
    91 | D:1      | Reached XP level 2. HP: 20/27 MP: 2/2
   195 | D:1      | Prayed at the altar of an unknown god.
   195 | D:1      | Became a worshipper of Ru the Awakened
   750 | D:2      | Reached XP level 3. HP: 34/34 MP: 3/3
  1213 | D:2      | Reached skill level 5 in Fighting
  1336 | D:2      | HP: 1/36 [poisoned by a kobold]
  1477 | D:2      | Noticed Sigmund
  1482 | D:2      | Identified the +7 mace "Killer Klown's Bane" {drain, rPois
                  | Int+3}
  1515 | D:2      | Killed Sigmund
  1516 | D:2      | Reached XP level 4. HP: 27/45 MP: 4/4
  1516 | D:2      | Reached XP level 5. HP: 31/51 MP: 5/5
  1799 | D:2      | Reached skill level 5 in Axes
  1835 | D:3      | Reached XP level 6. HP: 53/54 MP: 6/6
  2462 | D:3      | Reached skill level 1 in Maces & Flails
  2562 | D:4      | Noticed a black bear
  2694 | D:4      | Noticed Blork the orc
  2701 | D:4      | Killed Blork the orc
  2748 | D:4      | Reached skill level 2 in Maces & Flails
  2811 | D:4      | Killed a black bear
  2812 | D:4      | Reached XP level 7. HP: 66/68 MP: 7/7
  2938 | D:4      | Found Nioroy's Armour Shoppe.
  3039 | D:4      | Found a glowing golden altar of the Shining One.
  3361 | D:4      | Noticed Grinder
  3382 | D:4      | Paralysed by Grinder for 5 turns
  3401 | D:4      | Killed Grinder
  3402 | D:4      | Reached skill level 3 in Maces & Flails
  3563 | D:4      | Found a runed translucent door.
  3564 | D:4      | Noticed Crazy Yiuf
  3572 | D:4      | Killed Crazy Yiuf
  3661 | D:5      | Entered Level 5 of the Dungeon
  3765 | D:5      | Reached XP level 8. HP: 75/78 MP: 8/8
  3816 | D:5      | Reached skill level 4 in Maces & Flails
  4015 | D:5      | Noticed Pikel
  4030 | D:5      | Killed Pikel
  4031 | D:5      | Reached skill level 10 in Fighting
  4031 | D:5      | Reached skill level 5 in Maces & Flails
  4320 | D:5      | Found a shadowy altar of Dithmenos.
  4544 | D:5      | Fell from the grace of Ru
  4544 | D:5      | Became a worshipper of Dithmenos the Shadowed
  4563 | D:6      | You fall into a shaft and drop 3 floors!
  4610 | D:9      | Reached XP level 9. HP: 82/89 MP: 9/9
  4614 | D:9      | Reached skill level 6 in Maces & Flails
  4745 | D:8      | Noticed Maurice
  4883 | D:9      | Noticed a troll
  4895 | D:9      | Killed a troll
  4896 | D:9      | Reached skill level 7 in Maces & Flails
  5178 | D:8      | Reached skill level 5 in Armour
  5420 | D:7      | Reached * piety under Dithmenos
  5656 | D:6      | Noticed Eustachio
  5717 | D:6      | Killed Eustachio
  5718 | D:6      | Reached XP level 10. HP: 96/99 MP: 10/10
  5875 | D:6      | Reached skill level 8 in Maces & Flails
  6228 | D:7      | Reached skill level 1 in Evocations
  6294 | D:7      | Paralysed by a hornet for 1 turns
  6434 | D:7      | Found a hide-covered altar of Uskayaw.
  6577 | D:7      | Found a staircase to the Ecumenical Temple.
  6585 | Temple   | Entered the Ecumenical Temple
  6904 | D:8      | Reached ** piety under Dithmenos
  7132 | D:8      | Found a blossoming altar of Fedhas.
  7163 | D:8      | Reached skill level 9 in Maces & Flails
  7412 | D:9      | Reached skill level 5 in Evocations
  7443 | D:9      | Noticed a six-headed hydra
  7448 | D:9      | Killed a six-headed hydra
  7588 | D:9      | Noticed a two-headed ogre
  7604 | D:9      | Killed a two-headed ogre
  7605 | D:9      | Reached XP level 11. HP: 67/105 MP: 11/11
  7646 | D:9      | Identified the amulet of the Crown {Reflect Will+ SH+5}
  7646 | D:9      | Noticed a deep elf pyromancer
  7788 | D:9      | Killed a deep elf pyromancer
  7801 | D:9      | Identified the +4 short sword of the Living Dead {heavy,
                  | rElec rN+ Dex+5}
  7869 | D:9      | Reached skill level 10 in Maces & Flails
  8018 | D:10     | Entered Level 10 of the Dungeon
  8031 | D:10     | Noticed a two-headed ogre
  8058 | D:9      | Killed a two-headed ogre
  8093 | D:10     | Reached skill level 1 in Dodging
  8195 | D:10     | Found a staircase to the Lair.
  8411 | D:10     | Identified the +1 flail "Yrusmit" {heavy, Int+2}
  8775 | D:11     | Noticed a boulder beetle
  8800 | D:10     | Killed a boulder beetle
  8992 | D:11     | Noticed a red ugly thing
  9009 | D:11     | Killed a red ugly thing
  9010 | D:11     | Reached skill level 11 in Maces & Flails
  9010 | D:11     | Noticed a two-headed ogre
  9017 | D:11     | Killed a two-headed ogre
  9162 | D:11     | Noticed an orange crystal statue
  9165 | D:11     | Noticed a boulder beetle
  9269 | D:11     | Noticed Erolcha
  9276 | D:11     | Killed Erolcha
  9317 | D:11     | Noticed a manticore
  9333 | D:11     | Killed a manticore
  9334 | D:11     | Reached skill level 5 in Dodging
  9334 | D:11     | Reached XP level 12. HP: 75/113 MP: 12/12
  9408 | D:11     | Reached *** piety under Dithmenos
  9444 | D:11     | Noticed a two-headed ogre
  9446 | D:11     | Noticed a boulder beetle
 10145 | D:12     | Found a basalt altar of Yredelemnul.
 10232 | D:12     | Reached skill level 12 in Maces & Flails
 10434 | D:12     | Noticed Psyche
 10435 | D:12     | Killed Psyche
 10667 | D:12     | Found a staircase to the Orcish Mines.
 10718 | D:12     | Found a roughly hewn altar of Beogh.
 11676 | D:13     | Noticed a centaur warrior
 11681 | D:13     | Noticed a six-headed hydra
 11683 | D:13     | Noticed a centaur warrior
 11692 | D:12     | Killed a centaur warrior
 11739 | D:13     | Noticed a centaur warrior
 11767 | D:13     | Killed a centaur warrior
 11837 | D:13     | Noticed a boulder beetle
 11892 | D:13     | Killed a boulder beetle
 11893 | D:13     | Reached skill level 13 in Maces & Flails
 11893 | D:13     | Reached skill level 10 in Evocations
 11920 | D:13     | Reached XP level 13. HP: 81/119 MP: 14/14
 12143 | D:13     | Reached **** piety under Dithmenos
 13240 | D:13     | Reached skill level 14 in Maces & Flails
 14253 | D:13     | Found a gate to the Vaults.
 14253 | D:13     | Noticed a vault guard
 14269 | D:13     | Killed a vault guard
 14368 | D:13     | Reached skill level 15 in Fighting
 14368 | D:13     | Reached XP level 14. HP: 82/135 MP: 15/15
 14881 | D:14     | Identified the +4 dagger "Wek Ceba" {pain, rPois Str+3
                  | Int+3}
 15778 | D:15     | Entered Level 15 of the Dungeon
 16213 | D:15     | Identified the +4 flail of the Dungeon {antimagic, rC+
                  | rCorr}
 16353 | D:15     | Reached skill level 15 in Maces & Flails
 16366 | D:15     | Reached ***** piety under Dithmenos
 17315 | D:15     | Found a staircase to the Depths.
 18161 | D:15     | Reached skill level 16 in Maces & Flails
 18161 | D:15     | Reached XP level 15. HP: 149/149 MP: 16/16
 18502 | Orc:1    | Entered Level 1 of the Orcish Mines
 18502 | Orc:1    | Found Magy's Distillery.
 18538 | Orc:1    | Found Rivoraok's Weapon Emporium.
 18593 | Orc:1    | Noticed an orc warlord
 18852 | Lair:1   | Entered Level 1 of the Lair of Beasts
 19078 | Lair:1   | Reached skill level 5 in Invocations
 19334 | Lair:1   | Reached ****** piety under Dithmenos
 20028 | Lair:2   | You fall into a shaft and drop 2 floors!
 20894 | Lair:2   | Noticed Fannar
 21344 | Lair:2   | Found a staircase to the Snake Pit.
 21659 | Lair:1   | Killed Fannar
 21854 | Lair:2   | Reached skill level 10 in Invocations
 22312 | Lair:2   | Found a staircase to the Swamp.
 22818 | Lair:2   | Reached skill level 17 in Maces & Flails
 25059 | Lair:5   | Entered Level 5 of the Lair of Beasts
 25085 | Lair:4   | Reached XP level 16. HP: 143/157 MP: 25/25
 25730 | Lair:5   | Found a staircase to the Slime Pits.
 26856 | Lair:5   | Reached skill level 10 in Armour
 27234 | Lair:5   | Reached skill level 18 in Maces & Flails
 27342 | Swamp:1  | Entered Level 1 of the Swamp
 27798 | Swamp:1  | Identified the +7 chain mail of Rapinel {*Slow +Inv rElec
                  | rF+++}
 28221 | Swamp:1  | Identified the ring "Dodu" {rC+ rN+}
 29021 | Swamp:1  | Noticed a fenstrider witch
 29036 | Swamp:1  | Killed a fenstrider witch
 30066 | Swamp:3  | Noticed a thorn hunter
 30202 | Swamp:2  | Reached XP level 17. HP: 157/163 MP: 26/26
 30684 | Swamp:3  | Identified the +4 ring mail of Plog {Str+2}
 30876 | Swamp:4  | Entered Level 4 of the Swamp
 30877 | Swamp:4  | Noticed a tentacled monstrosity
 30955 | Swamp:3  | Killed a tentacled monstrosity
 32100 | Swamp:4  | Reached skill level 19 in Maces & Flails
 32890 | Swamp:4  | Got a decaying rune of Zot
 33714 | Orc:1    | Found Gixoidd's Weapon Shop.
 33757 | Orc:1    | Found Womeulyo's Weapon Boutique.
 33887 | Orc:2    | Entered Level 2 of the Orcish Mines
 33988 | Orc:2    | Found a bloodstained altar of Trog.
 34080 | Orc:2    | Found a staircase to the Elven Halls.
 34080 | Orc:2    | Found Ykias's Antique Weapon Shoppe.
 34279 | Orc:2    | Found Zuomn's Book Shop.
 34928 | Orc:2    | Found Ciups's Antique Armour Boutique.
 35063 | Orc:2    | Found Qurasaur's General Store.
 35213 | Orc:2    | Bought a shimmering plate armour for 840 gold pieces
 35213 | Orc:2    | Identified the +3 plate armour "Keidute" {Regen+ Str+4
                  | Int+2} (You bought it in a shop on level 2 of the Orcish
                  | Mines)
 35213 | Orc:2    | Bought a runed helmet for 225 gold pieces
 35255 | Orc:2    | Bought a potion of invisibility for 104 gold pieces
 35255 | Orc:2    | Bought a scroll of immolation for 52 gold pieces
 35255 | Orc:2    | Bought a wand of flame (6) for 54 gold pieces
 35255 | Orc:2    | Bought a box of beasts for 520 gold pieces
 35280 | Orc:1    | Bought a potion of mutation for 112 gold pieces
 35280 | Orc:1    | Bought a potion of heal wounds for 70 gold pieces
 35280 | Orc:1    | Bought 2 potions of invisibility for 224 gold pieces
 35280 | Orc:1    | Bought a potion of heal wounds for 70 gold pieces
 35280 | Orc:1    | Bought a potion of heal wounds for 70 gold pieces
 35280 | Orc:1    | Bought a potion of heal wounds for 70 gold pieces
 35429 | D:8      | Found an opulent altar of Gozag.
 35458 | D:8      | Killed Maurice
 35992 | Snake:1  | Entered Level 1 of the Snake Pit
 36200 | Snake:1  | Noticed Aizul
 36219 | Snake:1  | Killed Aizul
 36328 | Snake:1  | Found a frozen archway.
 36413 | IceCv    | Entered an ice cave
 37403 | IceCv    | Reached XP level 18. HP: 167/167 MP: 27/27
 37443 | IceCv    | Noticed a golden dragon
 37456 | IceCv    | Killed a golden dragon
 37680 | IceCv    | Identified the ring of the Cursing Gods {rN+ rCorr}
 37949 | Snake:1  | Found Neryv's Distillery.
 37951 | Snake:1  | Found Ifih's Antique Armour Emporium.
 37962 | Snake:1  | Bought a potion of might for 56 gold pieces
 37962 | Snake:1  | Bought a potion of flight for 42 gold pieces
 37963 | Snake:1  | Noticed Frances
 37974 | Snake:1  | Killed Frances
 37975 | Snake:1  | Reached skill level 20 in Maces & Flails
 38051 | Snake:1  | Identified the +2 kite shield of Gravity {rElec rCorr
                  | Int+4}
 38051 | Snake:1  | Noticed Asterion
 38059 | Snake:1  | Killed Asterion
 38613 | Snake:1  | Bought a slimy kite shield for 361 gold pieces
 38613 | Snake:1  | Identified the +0 kite shield "Hyskacap" {Str-3 SInv
                  | Stlth+} (You bought it in a shop on level 1 of the Snake
                  | Pit)
 38615 | Snake:1  | Bought a glowing tower shield for 285 gold pieces
 42052 | Snake:3  | Reached skill level 5 in Shields
 42706 | Snake:4  | Entered Level 4 of the Snake Pit
 44470 | Snake:4  | Reached XP level 19. HP: 126/179 MP: 19/28
 44659 | Snake:4  | Found a runed translucent door.
 44659 | Snake:4  | Noticed math4jedi's ghost (journeyman MiBe)
 45426 | Snake:4  | Reached skill level 21 in Maces & Flails
 46627 | Snake:4  | Reached skill level 10 in Shields
 47008 | Snake:4  | Got a serpentine rune of Zot
 47807 | Elf:1    | Entered Level 1 of the Elven Halls
 49117 | Elf:1    | Found a roughly hewn altar of Beogh.
 50039 | Elf:1    | Identified the +0 falchion of Painful Death {speed, rCorr
                  | Str+3}
 50041 | Elf:1    | Identified the +6 halberd of Righteous Fury {spect, +Blink
                  | rC+ Str-5 Dex+2}
 50237 | Elf:2    | Found Atag's Antique Armour Shoppe.
 51043 | Elf:2    | Found a runed translucent gate.
 51044 | Elf:2    | Found a runed translucent gate.
 51044 | Elf:2    | Found a runed translucent gate.
 51591 | Elf:2    | Reached XP level 20. HP: 113/191 MP: 29/29
 51795 | Elf:2    | Identified the +6 mace of Glory {spect, Str+4 Stlth+}
 52150 | Elf:2    | Reached skill level 22 in Maces & Flails
 53595 | Depths:1 | Entered Level 1 of the Depths
 54655 | Depths:1 | Found a gateway to Hell.
 55061 | Depths:1 | Found a radiant altar of Vehumet.
 55871 | Depths:1 | Found a shimmering altar of Xom.
 55976 | Depths:1 | Found a one-way gateway to a ziggurat.
 56188 | Depths:2 | Noticed a juggernaut
 56188 | Depths:2 | Noticed a golden dragon
 56188 | Depths:2 | Noticed a juggernaut
 56188 | Depths:2 | Noticed a golden dragon
 56322 | Vaults:1 | Entered Level 1 of the Vaults
 58130 | Vaults:1 | Reached XP level 21. HP: 205/205 MP: 30/30
 58223 | Vaults:1 | Reached skill level 23 in Maces & Flails
 58297 | Vaults:1 | Identified the +9 rapier of Recklessness {vamp, +Blink
                  | rPois Dex+2}
 59608 | Vaults:2 | Found a crumbling gateway.
 59624 | Desolati | Entered the Desolation of Salt
 60298 | Desolati | Got the Volume of Evolution
 60318 | Desolati | Identified the +0 plate armour "Juupnuav" {rF+}
 60319 | Desolati | Identified the ring of Wennoal {rPois Will- Str+5 Int+4}
 60766 | Desolati | Identified the +4 pearl dragon scales "Yggatt" {rC+ rN+}
 60842 | Desolati | Got the Compilation of Septic Reconstruction
 60846 | Desolati | Identified the +1 plate armour of Decompression {Rampage
                  | rC+ Str+4 Slay-2}
 60864 | Desolati | Identified the ring "Jaxefuwo" {rF- rCorr Int+8 SInv}
 61173 | Desolati | Reached skill level 15 in Shields
 61289 | Desolati | Identified the ring "Zics" {Wiz rPois Str+5}
 61316 | Desolati | Got the Folio of the Excursion
 63336 | Vaults:2 | Reached XP level 22. HP: 213/213 MP: 31/31
 63345 | Vaults:2 | Reached skill level 24 in Maces & Flails
 63772 | Vaults:3 | Reached skill level 15 in Armour
 64081 | Vaults:3 | Found Zusoad's Antique Armour Emporium.
 64089 | Vaults:3 | Bought a runed scarf for 240 gold pieces
 64089 | Vaults:3 | Bought a shimmering chain mail for 285 gold pieces
 64089 | Vaults:3 | Identified the +8 chain mail of Compression {Rampage MP+9}
                  | (You bought it in a shop on level 3 of the Vaults)
 64382 | Vaults:3 | Identified the amulet of Ahua {Acrobat Fragile rElec rPois
                  | Str+4}
 64534 | Vaults:3 | Found a staircase to the Crypt.
 64729 | Vaults:3 | Identified the +3 dire flail "Nagour" {distort, rF+ rN+
                  | Dex+4 Stlth+}
 65118 | Vaults:3 | Identified the +0 scale mail of the Louse {rF++ Str+6}
 65834 | Vaults:4 | Found Vobum's Magic Scroll Emporium.
 65886 | Vaults:4 | Bought a scroll of blinking for 150 gold pieces
 65886 | Vaults:4 | Bought a scroll of blinking for 150 gold pieces
 66252 | Vaults:4 | Found Juwux's Antique Weapon Emporium.
 66483 | Vaults:4 | Found Enkah's Jewellery Boutique.
 66596 | Vaults:4 | Found Lyimesiss's Weapon Shop.
 66608 | Vaults:4 | Found Tesua's Distillery.
 67739 | Vaults:4 | Bought the ring "Koirph" {rF+ rN+ Will+} for 712 gold
                  | pieces
 67771 | Vaults:5 | Entered Level 5 of the Vaults
 67778 | Vaults:5 | Reached skill level 25 in Maces & Flails
 67778 | Vaults:5 | Reached XP level 23. HP: 60/221 MP: 32/32
 68600 | Vaults:5 | HP: 1/221 [deep troll earth mage (28)]
 68600 | Vaults:5 | Mangled by a deep troll earth mage

Illustrated notes

Levels and vault maps discovered:
D:1:      kennysheep_arrival_seaside, layout_basic,
          dreamdust_ecumenical_altar_hidden_monk_grotto
D:2:      layout_basic, kennysheep_cross_room, uniq_sigmund
D:3:      layout_basic
D:4:      layout_gridville, tso_metal_star, minmay_misc_feat_pillars,
          minmay_splitting_lines, kennysheep_small_circle, uniq_grinder,
          uniq_crazy_yiuf_cottage, uniq_blork_the_orc
D:5:      layout_loops_ring, mainiacjoe_overflow_alcove_4, uniq_pikel
D:6:      layout_rooms, gup_sewer_entry_spiral, uniq_eustachio
D:7:      layout_rooms, overflow_temple_1_default, temple_green
D:8:      layout_cave_pools, fedhas_altar_2,
          nicolae_gozag_cash_rules_everything_around_me, nicolae_hexahallways,
          uniq_maurice
D:9:      layout_basic, minmay_the_grid_2x2 [minmay_the_grid_tree,
          minmay_the_grid_large_cup, minmay_the_grid_minigrid_large,
          minmay_the_grid_prize_diamond_cup]
D:10:     nicolae_moon_pools, layout_rooms, corner_web_ring
D:11:     layout_rooms, serial_glass, glass_columns_a, glass_columns_a,
          minmay_protected_statue, uniq_erolcha
D:12:     layout_basic, minmay_orc_entry_temple_small,
          nicolae_yredelemnul_corpse_copse, uniq_psyche
D:13:     nzn_winding_woodlands_stair_trap
          [nzn_winding_woodlands_5x15_split_checker,
          nzn_winding_woodlands_5x15_parted, nzn_winding_woodlands_5x15_pockets,
          nzn_winding_woodlands_15x15_boxy_spiral,
          nzn_winding_woodlands_5x15_longhouse,
          nzn_winding_woodlands_5x15_pathside_ponds,
          nzn_winding_woodlands_5x15_river_crossing], layout_irregular_city,
          david_vaults_5
D:14:     layout_long_grid, grunt_decor_mini_mirrors
D:15:     hangedman_depths_entry_civil_slaughter, layout_loops_cross,
          special_room [special_room_mythical_zoo], serial_bayou_pond_e
Temple:   bh_familiar_temple
Lair:1:   layout_roguey, nzn_random_ring
Lair:2:   layout_small_grid, palyth_hydra_swamp_entry,
          minmay_snake_entry_guardpost_medium, ice2_lemuel, lemuel_fruit_tree,
          uniq_fannar
Lair:3:   lemuel_ratsnest, layout_cave_pods, nicolae_quartered_pool_medium
Lair:4:   layout_layer_cave
Lair:5:   hangedman_lair_tendril_chambers, layout_cellular_growth,
          minmay_slime_entry_jelly_boxes
Swamp:1:  nicolae_swamp_standing_stones, layout_basic_swamp, serial_swamp_ruin,
          evilmike_swamp_ruin_house_5, evilmike_swamp_ruin_house_2,
          evilmike_swamp_ruin_rubble_1
Swamp:2:  layout_basic_swamp, evilmike_swamp_ruin_house_1, swamp_pool2
Swamp:3:  layout_falls_marsh, evilmike_swamp_ruin_house_6
Swamp:4:  swamp, layout_basic_swamp
Snake:1:  layout_misc_corridors, portal_ice_cave_entry_frozen_things,
          serial_shops, shop, nicolae_shop_waterfront, uniq_frances,
          uniq_asterion, uniq_aizul
Snake:2:  layout_basic, nicolae_snake_yet_another_twisty_hallway,
          grunt_ministairs_11, st_stairs_3, corexii_hall_statues_i,
          serial_bayou_shore_a
Snake:3:  layout_onion
Snake:4:  snake_pit_salamanders_mu, layout_onion, ebering_ghost_inner_flame,
          minmay_snake_pond, grunt_megastairs_2
Orc:1:    layout_caves, serial_shops, shop, shop, nicolae_shop_tiny_waterfront,
          nicolae_shop_bloodbath_and_beyond
Orc:2:    grunt_orc_gardens, layout_caves, grunt_orc_garden, grunt_orc_garden,
          grunt_orc_garden, grunt_orc_garden, basic_altar
Elf:1:    nicolae_elf_arrival_fired_up, layout_gridlike, special_room
          [special_room_orc], kennysheep_underground_church
Elf:2:    elven_hall_of_blades_hangedman_original [nicolae_blade_tridents],
          layout_gridlike, serial_shops, nicolae_shop_statue_plus, laboratory
Vaults:1: nicolae_vaults_house_2, ontoclasm_vaults_hangar,
          nicolae_vaults_antechamber_and_loot_room,
          nicolae_vaults_windows_and_doors_thing, nicolae_vaults_weapon_check,
          nicolae_vaults_sealed_display, nicolae_vaults_variable_pillar_hall,
          layout_vaults_omnigrid
Vaults:2: portal_desolation_entry_garden, nicolae_vaults_display_case,
          hangedman_vaults_corner, nicolae_vaults_diamond_2, v_misc_31,
          nicolae_vaults_little_squares_1, v_rooms_4,
          nicolae_vaults_variable_pillar_hall,
          nicolae_vaults_variable_pillar_hall_cross, nicolae_vaults_six-pack,
          nicolae_vaults_double_plus_2, grunt_vaults_funnel,
          vaults_room_grunt_arrival_checkpoint, layout_vaults_ring
Vaults:3: nicolae_vaults_cornered_office, minmay_crypt_entry_simple_plaza,
          ontoclasm_vaults_pinch, ontoclasm_vaults_gateway, v_rooms_3,
          nicolae_vaults_triangles, nicolae_vaults_apartment_1,
          ontoclasm_vaults_ring_small, vaults_room_fours,
          nicolae_vaults_diamond_1, nicolae_vaults_trapezoid_1,
          nicolae_vaults_diamond_1, layout_vaults_omnicross, serial_shops,
          nicolae_shop_overgrown_old_shop
Vaults:4: nicolae_vaults_apartment_2, hangedman_vaults_cutoff,
          nicolae_vaults_specimen_jars, v_misc_29, nicolae_vaults_what_the_h,
          vaults_mumra_chevron_long, v_pattern_4,
          nicolae_vaults_security_offices_6, nicolae_vaults_sightless_eye,
          vaults_room_fours, nicolae_vaults_little_squares_2,
          ontoclasm_vaults_hangar, layout_vaults_omnibox, serial_shops,
          nicolae_shop_peninsula, nicolae_shop_rolling_square, shop, shop, shop
Vaults:5
Depths:1: layout_gridlike, enter_ziggurat_d, hellmouth_2,
          nicolae_vehumet_radiance, minmay_misc_feat_rugged,
          amcnicky_mini_rare_corridor_liquid, tgw_xom, serial_bayou_shore_b
Depths:2: minmay_chopped_fan, layout_cave_pools, abyss_entry,
          minmay_misc_feat_ornament, hell_entry, pan_entry, evilmike_ambush
          [evilmike_ambush_outer_basic, evilmike_ambush_inner_cross]

Skill      XL: |  1  2  3  4  5  6  7  8  9 10 11 12 13 14 15 16 17 18 19 20 21 22 |
---------------+-------------------------------------------------------------------+-----
Fighting       | 4 6 8 9 11 12 15 18 19 21 | 21.4
Axes           | 3 4 5 |  5.0
Maces & Flails | 2 3 5 7 9 11 13 14 16 17 18 19 20 21 22 23 25 | 25.1
Armour         | 6 7 12 14 18 | 18.7
Evocations     | 7 8 10 11 12 14 | 14.0
Dodging        | 5 7 8 |  8.4
Invocations    | 2 12 | 12.0
Shields        | 7 11 12 16 | 16.0

Action                     |  1- 3 |  4- 6 |  7- 9 | 10-12 | 13-15 | 16-18 | 19-21 | 22-24 || total
---------------------------+-------+-------+-------+-------+-------+-------+-------+-------++-------
  Melee: War axe           |    81 |     1 |       |       |       |   127 |    19 |       ||   228
         Mace              |       |    40 |   249 |   622 |  1469 |  1929 |  1005 |       ||  5314
         Flail             |       |       |       |     9 |    83 |       |       |       ||    92
         Broad axe         |       |       |       |       |       |       |    80 |    29 ||   109
         Demon whip        |       |       |       |       |       |       |   780 |   730 ||  1510
  Throw: Dart              |       |       |       |     4 |     9 |     2 |       |       ||    15
         Boomerang         |       |       |       |       |     4 |       |       |       ||     4
 Invoke: Reject Sacrifices |     1 |       |       |       |       |       |       |       ||     1
         Shadow Step       |       |       |       |       |       |       |       |     1 ||     1
Ability: Evoke Invisibilit |       |       |       |       |       |     1 |       |       ||     1
  Evoke: Wand              |       |       |       |    16 |     8 |    20 |     8 |       ||    52
         Lightning rod     |       |       |       |     2 |     6 |     4 |       |       ||    12
    Use: Potion            |     1 |       |     1 |     2 |     2 |     4 |     2 |     1 ||    13
         Scroll            |       |       |     6 |     7 |     8 |    17 |    10 |     2 ||    50
   Stab: Invisible         |       |       |       |       |       |     1 |       |       ||     1
         Distracted        |       |       |       |       |       |       |     5 |       ||     5
 Armour: Scale mail        |    21 |       |       |       |       |       |       |       ||    21
         Plate armour      |    50 |    40 |   128 |   224 |   378 |   100 |       |       ||   920
         Skin              |       |       |   112 |    18 |       |       |       |       ||   130
         Chain mail        |       |       |       |       |       |   302 |       |       ||   302
         Crystal plate arm |       |       |       |       |       |   281 |   445 |       ||   726
         Pearl dragon scal |       |       |       |       |       |       |    56 |   101 ||   157
  Dodge: Dodged            |    26 |    11 |    66 |   236 |   493 |   933 |   494 |   170 ||  2429
  Block: Buckler           |    11 |     9 |    70 |   284 |   635 |   831 |       |       ||  1840
         Reflection        |       |       |       |     4 |    22 |    56 |   107 |    20 ||   209
         Kite shield       |       |       |       |       |       |   242 |  1272 |   395 ||  1909
